 Dungeon Crawl Stone Soup version 0.27-a0-1334-g2746e35aca (webtiles) character file.

Game seed: 5713466397772312066

8040 Delamore the Covert (level 11, -6/71 HPs)
             Began as an Octopode Brigand on June 26, 2021.
             Was an Initiate of Gozag.
             Mangled by an eight-headed hydra (13 damage)
             ... on level 9 of the Dungeon.
             The game lasted 00:13:29 (13541 turns).

Delamore the Covert (Octopode Brigand)             Turns: 13541, Time: 00:13:30

Health: -6/71      AC:  1    Str: 11    XL:     11   Next: 24%
Magic:  11/11      EV: 16    Int: 13    God:    Gozag
Gold:   476        SH:  0    Dex: 17    Spells: 10/10 levels left

rFire    . . .     SeeInvis .   e - +2 short sword (elec)
rCold    . . .     Faith    .   (no shield)
rNeg     + + .     Spirit   .   (helmet restricted)
rPois    +         Reflect  .   (no amulet)
rElec    .         Harm     .   n - ring of poison resistance
rCorr    .         Rampage  .   w - ring of willpower
Will     +....                  B - ring of positive energy
Stlth    ++++++....             c - ring of positive energy
HPRegen  0.21/turn              (no ring)
MPRegen  0.12/turn              (no ring)
                                (no ring)
                                (no ring)

@: studying Axes
A: almost no armour, amphibious, 8 rings, camouflage 1, gelatinous body 1,
(nimble swimmer 1), tentacles
a: Renounce Religion, Potion Petition, Call Merchant, Bribe Branch


You were on level 9 of the Dungeon.
You worshipped Gozag.
Gozag was aware of your devotion.
You visited 2 branches of the dungeon, and saw 10 of its levels.

You collected 1252 gold pieces.
You spent 91 gold pieces at shops.
You paid 685 gold pieces to Gozag.

Inventory:

Hand Weapons
 a - a +2 dagger
 e - a +2 short sword of electrocution (weapon)
 r - a +4 vorpal dagger
Missiles
 b - 25 poisoned darts (quivered)
 t - 4 datura-tipped darts
Jewellery
 c - a ring of positive energy (on tentacle)
 n - a ring of poison resistance (left tentacle)
 o - a ring of ice
 w - a ring of willpower (right tentacle)
 B - a ring of positive energy (on tentacle)
 G - a +4 ring of protection
Wands
 l - a wand of paralysis (2)
 q - a wand of charming (7)
 s - a wand of acid (3)
 x - a wand of mindburst (4)
 y - a wand of digging (7)
Scrolls
 d - 3 scrolls of blinking
 f - a scroll of silence
 h - 6 scrolls of teleportation
 m - a scroll of noise
 u - a scroll of torment
 z - 3 scrolls of vulnerability
 C - a scroll of immolation
 D - 5 scrolls of amnesia
 H - a scroll of enchant armour
Potions
 g - 3 potions of brilliance
 i - a potion of resistance {unknown}
 j - a potion of haste
 k - 2 potions of heal wounds
 p - 3 potions of lignification
 v - 2 potions of attraction
 A - 2 potions of degeneration
 E - a potion of mutation {unknown}
 F - 2 potions of flight


   Skills:
 - Level 5.0 Fighting
 - Level 10.0 Short Blades
 - Level 6.0 Throwing
 + Level 6.1 Dodging
 + Level 12.8 Stealth
 + Level 6.4 Evocations


You had 10 spell levels left.
You didn't know any spells.
Your spell library contained the following spells:

 Spells                   Type           Power      Damage    Failure   Level
 Foxfire                  Conj/Fire      0%         2x1d4     30%         1
 Summon Small Mammal      Summ           0%         N/A       30%         1
 Call Imp                 Summ           0%         N/A       43%         2
 Call Canine Familiar     Summ           0%         N/A       67%         3
 Conjure Flame            Conj/Fire      0%         6-21      67%         3
 Inner Flame              Hex/Fire       0%         N/A       67%         3
 Summon Guardian Golem    Hex/Summ       0%         N/A       67%         3
 Sticky Flame             Conj/Fire      0%         2d3       97%         4
 Summon Ice Beast         Ice/Summ       0%         N/A       97%         4
 Summon Lightning Spire   Summ/Air       0%         N/A       97%         4
 Fireball                 Conj/Fire      0%         3d3       100%        5
 Silence                  Hex/Air        0%         N/A       100%        5
 Conjure Ball Lightning   Conj/Air       0%         3x3d6     100%        6
 Storm Form               Tmut/Air       0%         N/A       100%        7


Dungeon Overview and Level Annotations

Branches:
Dungeon (9/15)             Temple (1/1) D:6
   Lair: D:8-11         Orc: D:9-12

Altars:
Ashenzari
Cheibriados
Dithmenos
Fedhas
Gozag
Hepliaklqana
Makhleb
Nemelex Xobeh
Okawaru
Qazlal
Ru
Sif Muna
Trog
Uskayaw
Vehumet
Wu Jian
Xom
Yredelemnul
Zin
The Shining One

Shops:
D:8 *   D:9 =

Portals:
Abyss: D:7

Annotations:
D:7 2 transporters, HAL9000's ghost, novice VSBr


Innate Abilities, Weirdness & Mutations

You cannot wear most types of armour.
You are amphibious.
You can wear up to eight rings at the same time.
Your skin changes colour to match your surroundings (Stealth+).
Your rubbery body absorbs attacks. (AC +1, EV +1)
((You are camouflaged near water. (Stealth+)))
You have tentacles for arms and can constrict up to eight enemies at once.


Message History

There is a large open door here.
There is a large open door here.
There is an open door here.
An eight-headed hydra comes into view.
An eight-headed hydra is nearby!
The eight-headed hydra roars!
The eight-headed hydra bites you! x2
The eight-headed hydra barely misses you.
The eight-headed hydra completely misses you.
The eight-headed hydra closely misses you.
The eight-headed hydra barely misses you.
The eight-headed hydra bites you! The eight-headed hydra bites you.
You puncture the eight-headed hydra! You squeeze the eight-headed hydra!
The eight-headed hydra is moderately wounded.
The eight-headed hydra bites you but does no damage.
The eight-headed hydra bites you.
The eight-headed hydra barely misses you.
The eight-headed hydra bites you!
* * * LOW HITPOINT WARNING * * *
The eight-headed hydra closely misses you.
The eight-headed hydra bites you.
* * * LOW HITPOINT WARNING * * *
The eight-headed hydra closely misses you.
The eight-headed hydra bites you.
* * * LOW HITPOINT WARNING * * *
There is an open door here.
Okay, then.
Aiming: Paralyse
Press: ? - help, Shift-Dir - straight line, f - eight-headed hydra
Aim: an eight-headed hydra (lightly wounded, chance to affect: 30%)
Okay, then.
Okay, then.
You feel much better. The eight-headed hydra bites you. x2
The eight-headed hydra bites you! x2
* * * LOW HITPOINT WARNING * * *
The eight-headed hydra bites you!
* * * LOW HITPOINT WARNING * * *
The eight-headed hydra bites you!
You die...
Your body crumbles into a pile of gold.

..## ##..#.# #.###.#.#.#..#.###
...###...#.# #...#.#.'..≈≈..'.#
#.......##.# #####.#.#.'..≈≈..'.#
##.....## .. #.....#...#.#..#.#.
###'### #####'#####.#.#......#
####.#####...........#.###''###.#
#..#.#..##.###......##.......[..#
#..#...)##.# ###D#########.######
##.#.#####.# #@# ##.##
.........+.# #.# ##...##
####.#.###.# ##'## #.....#
#.∩..#..##.# ##...#######....#
#..#.#..##.###.....##........#
####.#####.##.......#.####....#
####'#####.#......>...###.>....#
................................#
####....##............###.......#


You could see an eight-headed hydra.

Vanquished Creatures
  Pikel (D:5)
  A troll (D:9)
  A hornet (D:9)
  6 slime creatures (D:9)
  6 yaks
  2 wyverns (D:9)
  Eustachio (D:4)
  Menkaure (D:5)
  2 steam dragons
  2 acid dragons (D:9)
  3 water moccasins (D:7)
  A black bear (D:6)
  3 orc warriors
  2 hornet zombies
  4 ice beasts
  A necrophage (D:4)
  2 ogres (D:5)
  5 centaurs
  A phantom (D:5)
  A kobold brigand (D:9)
  2 bullfrogs (D:7)
  A gnoll sergeant (D:8)
  2 scorpions (D:6)
  A wyvern skeleton (D:6)
  A water moccasin skeleton (D:6)
  6 killer bees (D:9)
  10 wights
  3 howler monkeys (D:7)
  4 centaur zombies
  5 orc priests
  A bullfrog skeleton (D:6)
  3 centaur skeletons
  5 hounds
  Jessica (D:2)
  An iguana (D:6)
  3 orc wizards
  3 killer bee zombies (D:6)
  A howler monkey zombie (D:9)
  A howler monkey skeleton (D:4)
  7 gnolls
  7 adders
  A white imp (D:4)
  2 ufetubi (D:4)
  4 worms
  24 orcs
  8 ball pythons
  A bat (D:1)
  11 endoplasms
  2 giant cockroaches
  10 goblins
  8 hobgoblins
  17 jackals
  14 kobolds
  4 quokkas
  2 frilled lizards
  4 rats
226 creatures vanquished.

Notes
Turn   | Place    | Note
-------+----------+-------------------------------------------
     0 | D:1      | Delamore the Octopode Brigand began the quest for the Orb.
     0 | D:1      | Reached XP level 1. HP: 14/14 MP: 1/1
   438 | D:1      | Reached XP level 2. HP: 19/19 MP: 2/2
   535 | D:1      | Reached skill level 6 in Stealth
   941 | D:1      | Reached XP level 3. HP: 17/24 MP: 3/3
  1180 | D:1      | Found a faded altar of an unknown god.
  1611 | D:2      | Reached XP level 4. HP: 20/29 MP: 4/4
  2017 | D:2      | Noticed Jessica
  2023 | D:2      | Killed Jessica
  2024 | D:2      | Reached skill level 7 in Stealth
  2112 | D:3      | Reached XP level 5. HP: 34/34 MP: 5/5
  2516 | D:3      | HP: 1/34 [ball python (1)]
  3039 | D:4      | Reached XP level 6. HP: 40/40 MP: 6/6
  3157 | D:4      | Reached skill level 5 in Short Blades
  3465 | D:4      | Noticed a necrophage
  3474 | D:4      | Killed a necrophage
  3475 | D:4      | Reached skill level 8 in Stealth
  3475 | D:4      | Reached XP level 7. HP: 18/45 MP: 7/7
  4351 | D:4      | Noticed Eustachio
  4356 | D:4      | Killed Eustachio
  4821 | D:5      | Entered Level 5 of the Dungeon
  4901 | D:5      | Reached XP level 8. HP: 52/52 MP: 8/8
  4999 | D:5      | Noticed Menkaure
  5006 | D:5      | Killed Menkaure
  5007 | D:5      | Reached skill level 9 in Stealth
  5170 | D:5      | Noticed Pikel
  5185 | D:5      | Killed Pikel
  5890 | D:5      | Reached XP level 9. HP: 48/58 MP: 9/9
  6451 | D:6      | Found a staircase to the Ecumenical Temple.
  6470 | Temple   | Entered the Ecumenical Temple
  6631 | Temple   | Became a worshipper of Gozag Ym Sagoz the Greedy
  6679 | D:6      | Found a hazy altar of Hepliaklqana.
  6679 | D:6      | Found a snail-covered altar of Cheibriados.
  6681 | D:6      | Found a burning altar of Makhleb.
  6739 | D:6      | Reached skill level 10 in Stealth
  7333 | D:6      | Reached skill level 5 in Fighting
  7333 | D:6      | Reached skill level 10 in Short Blades
  7505 | D:6      | Found a basalt altar of Yredelemnul.
  7517 | D:6      | Reached skill level 1 in Evocations
  8098 | D:7      | Identified the +10 hunting sling "Tyj Ynk" {venom, Str+2
                  | Dex+4}
  8107 | D:7      | Found a transporter.
  8107 | D:7      | Noticed an ice devil
  8132 | D:7      | Reached XP level 10. HP: 31/66 MP: 10/10
  8379 | D:7      | Found a one-way gate to the infinite horrors of the Abyss.
  8379 | D:7      | Noticed HAL9000's ghost (novice VSBr)
  8384 | D:7      | Found a transporter.
  8474 | D:7      | Reached skill level 11 in Stealth
  8901 | D:8      | Found Dubiti's General Store.
  8920 | D:8      | Bought a potion of flight for 39 gold pieces
  8920 | D:8      | Bought a scroll of identify for 26 gold pieces
  8920 | D:8      | Bought a scroll of identify for 26 gold pieces
  9342 | D:7      | HP: 3/66 [poisoned by a water moccasin]
 11270 | D:9      | Reached skill level 5 in Throwing
 11321 | D:9      | Reached skill level 5 in Evocations
 11657 | D:9      | Reached skill level 5 in Dodging
 11657 | D:9      | Reached skill level 12 in Stealth
 12287 | D:9      | Reached XP level 11. HP: 71/71 MP: 11/11
 13527 | D:9      | Noticed an eight-headed hydra
 13541 | D:9      | Mangled by an eight-headed hydra

Illustrated notes

Levels and vault maps discovered:
D:1:      zaba_arrival_water, layout_basic, ebering_ecumenical_altar_hall,
          minmay_pentomino_z2
D:2:      layout_rooms, kennysheep_jessica_study
D:3:      layout_rooms
D:4:      layout_basic, grunt_decor_arrowhead, minmay_manual_mail,
          uniq_eustachio
D:5:      layout_basic, uniq_menkaure, uniq_pikel
D:6:      layout_rooms, nicolae_yredelemnul_corpse_copse,
          chequers_temple_overflow_statue_of_worship, minmay_temple_entry_mist,
          chequers_serial_rivers_micro_c
D:7:      layout_basic, gammafunk_ghost_abyssal_escape
D:8:      layout_rooms, serial_shops, shop
D:9:      minmay_the_grid_net [minmay_the_grid_pillar_ring,
          minmay_the_grid_rooms, minmay_the_grid_paths,
          minmay_the_grid_plusring, minmay_the_grid_outer_circle,
          minmay_the_grid_prize_diamond_cup], layout_loops_corners,
          marbit_many_paths, kennysheep_generic_room_15
Temple:   lightli_temple_of_artemis

Skill      XL: |  1  2  3  4  5  6  7  8  9 10 11 |
---------------+----------------------------------+-----
Stealth        | 6 7 8 9 10 12 | 12.8
Short Blades   | 3 4 5 7 9 10 | 10.0
Fighting       | 3 4 5 |  5.0
Evocations     | 3 5 6 |  6.4
Dodging        | 3 5 6 |  6.1
Throwing       | 3 5 6 |  6.0

Action                   |  1- 3 |  4- 6 |  7- 9 | 10-12 || total
-------------------------+-------+-------+-------+-------++-------
Melee: Dagger            |    35 |       |       |       ||    35
       Tentacles         |     7 |    14 |    20 |    52 ||    93
       Constrict         |     9 |    21 |    25 |    19 ||    74
       Short sword       |    30 |    95 |   137 |   194 ||   456
Throw: Dart              |     1 |       |     2 |    36 ||    39
Invok: Call Merchant     |       |       |       |     1 ||     1
Evoke: Wand              |       |       |     5 |     5 ||    10
  Use: Potion            |       |     3 |       |     5 ||     8
       Scroll            |       |       |    13 |     4 ||    17
 Stab: Sleeping          |    12 |     7 |    26 |    18 ||    63
       Paralysed         |       |       |     2 |       ||     2
       Distracted        |       |       |     1 |       ||     1
Armor: Skin              |     4 |     3 |     1 |    10 ||    18
Dodge: Dodged            |    30 |    58 |    48 |   104 ||   240

Table legend: (Time is in decaauts)
 A = Elapsed time spent in this place.
 B = Non-inter-level travel time spent in this place.
 C = Inter-level travel time spent in this place.
 D = Time resting spent in this place.
 E = Time spent auto-exploring this place.
 F = Levels seen in this place.
 G = Mean time per level.
                   A        B        C        D        E       F      G
               +--------+--------+--------+--------+--------+-----+--------+
         Total |  13402 |  12994 |    408 |   4504 |   6870 |  10 | 1340.2 |
       Dungeon |  13214 |  12839 |    375 |   4504 |   6718 |   9 | 1468.2 |
        Temple |    187 |    154 |     33 |      0 |    152 |   1 |  187.0 |
               +--------+--------+--------+--------+--------+-----+--------+

Top non-repeatable levels by time:
     D:7: 1941 daAuts
     D:9: 1827 daAuts
     D:4: 1664 daAuts
     D:5: 1616 daAuts
     D:8: 1532 daAuts
     D:6: 1497 daAuts
     D:1: 1455 daAuts
     D:3: 1045 daAuts
     D:2: 635 daAuts
  Temple: 187 daAuts
